 Dungeon Crawl Stone Soup version 0.28-a0-1087-gf3fc490d9d (webtiles) character file.

Game seed: 17533851746480802503

187 karrick the Skirmisher (level 5, -3/34 HPs)
             Began as a Gargoyle Fighter on Dec 11, 2021.
             Slain by an iguana (9 damage)
             ... on level 6 of the Dungeon.
             The game lasted 00:08:14 (4076 turns).

karrick the Skirmisher (Gargoyle Fighter)           Turns: 4076, Time: 00:08:14

Health: -3/34      AC: 11    Str: 19    XL:     5   Next: 66%
Magic:  0/5        EV:  9    Int:  9    God:
Gold:   55         SH:  4    Dex: 11    Spells: 4/4 levels left

rFire   . . .      SeeInvis +   a - +0 flail
rCold   . . .      Faith    .   c - +0 buckler
rNeg    + . .      Spirit   +   b - +0 scale mail
rPois   ∞          Reflect  .   (no helmet)
rElec   +          Harm     .   (no cloak)
rCorr   .          Rampage  .   (no gloves)
Will    +....                   (no boots)
Stlth   ..........              q - amulet of guardian spirit
HPRegen 0.11/turn               l - ring of see invisible
MPRegen 0.09/turn               r - ring of willpower

@: no status effects
A: sickness immunity, AC +4, negative energy resistance 1, electricity
resistance, torment resistance 1, petrification resistance
a: no special abilities


You were on level 6 of the Dungeon.
You visited 1 branch of the dungeon, and saw 6 of its levels.

You collected 55 gold pieces.

Inventory:

Hand Weapons
 a - a +0 flail (weapon)
 e - a +2 vorpal broad axe
 i - a +2 whip of freezing
Armour
 b - a +0 scale mail (worn)
 c - a +0 buckler (worn)
Jewellery
 l - a ring of see invisible (left hand)
 q - an amulet of guardian spirit (around neck)
 r - a ring of willpower (right hand)
Scrolls
 h - a scroll of teleportation
 j - a scroll of immolation {unknown}
 k - a scroll of fog {unknown}
 n - a scroll of identify {unknown}
 o - a scroll of noise {unknown}
 p - 2 scrolls of enchant weapon {unknown}
Potions
 d - a potion of might
 f - a potion of curing {unknown}
 g - a potion of flight {unknown}


   Skills:
 + Level 4.6 Fighting
 + Level 3.6 Maces & Flails
 + Level 4.3 Armour
 + Level 0.4 Dodging
 + Level 3.6 Shields


You had 4 spell levels left.
You didn't know any spells.
Your spell library contained the following spells:

 Spells                   Type           Power      Damage    Failure   Level
 Animate Skeleton         Necr           0%         N/A       77%         1
 Pain                     Necr           0%         1d4       77%         1
 Ensorcelled Hibernation  Hex/Ice        0%         N/A       88%         2
 Spider Form              Tmut/Pois      0%         N/A       98%         3
 Vampiric Draining        Necr           0%         2d6       98%         3


Dungeon Overview and Level Annotations

Branches:
Dungeon (6/15)
 Temple: D:4-7

Altars:

Annotations:
D:3 Sigmund
D:5 Blork the orc, Menkaure


Innate Abilities, Weirdness & Mutations

You are immune to sickness and miasma.
Your stone body is resilient. (AC +4)
You are immune to poison.
You resist negative energy. (rN+)
You are resistant to electric shocks. (rElec)
You are resistant to unholy torment.
You are immune to petrification.


Message History

You can't go up here!
An iguana comes into view.
Found a flail.
The iguana hisses angrily.
The ufetubus hits you but does no damage.
The ufetubus hits you.
You closely miss the ufetubus.
The ufetubus hits you but does no damage.
The ufetubus barely misses you. The ufetubus closely misses you. x2
Your scale mail prevents you from hitting the ufetubus.
The ufetubus hits you but does no damage.
You block the ufetubus's attack.
You hit the ufetubus.
The ufetubus is heavily wounded.
The ufetubus hits you but does no damage.
You block the ufetubus's attack.
The ufetubus hits you but does no damage. x2
You sock the ufetubus!
You kill the ufetubus!
You hit the iguana but do no damage. The iguana bites you!
You barely miss the iguana. The iguana bites you.
You barely miss the iguana.
The iguana hisses menacingly.
The iguana bites you!
The iguana bites you but does no damage.
You barely miss the iguana. You block the iguana's attack.
You sock the iguana!
The iguana is heavily wounded.
The iguana bites you!
You are too injured to fight recklessly!
You are too injured to fight recklessly!
The iguana bites you. The iguana barely misses you. The iguana bites you.
The iguana bites you.
* * * LOW HITPOINT WARNING * * *
The iguana bites you.
* * * LOW HITPOINT WARNING * * *
The iguana bites you!
You die...

........#
#.......#
#.......# #
#.......##.
#......... #
#.....<.# ..)
#.....###.....
#.....@l.#
#.....##.#
###.........
#(.....##.###
#.####.#.##.##.#
#./......##... .
######.#....##.#
#.#.#.....#
#......##


You could see an iguana.

Vanquished Creatures
  2 orc priests (D:2)
  A hound (D:2)
  3 adders (D:2)
  An ufetubus (D:6)
  2 worms (D:3)
  A dart slug (D:1)
  3 orcs
  2 ball pythons
  5 endoplasms
  A giant cockroach (D:2)
  6 goblins
  5 hobgoblins
  6 jackals
  2 quokkas
  3 bats
  4 frilled lizards
  7 kobolds
  5 rats
59 creatures vanquished.

Notes
Turn   | Place    | Note
-------+----------+-------------------------------------------
     0 | D:1      | karrick the Gargoyle Fighter began the quest for the Orb.
     0 | D:1      | Reached XP level 1. HP: 14/14 MP: 1/1
   122 | D:1      | Reached XP level 2. HP: 19/19 MP: 2/2
   884 | D:2      | Reached XP level 3. HP: 12/24 MP: 3/3
  1112 | D:2      | You fall into a shaft and drop 2 floors!
  1164 | D:3      | Reached XP level 4. HP: 24/29 MP: 4/4
  1773 | D:2      | Found a faded altar of an unknown god.
  3310 | D:2      | Reached XP level 5. HP: 30/34 MP: 5/5
  3814 | D:3      | Noticed Sigmund
  3858 | D:5      | Entered Level 5 of the Dungeon
  3858 | D:5      | Noticed Menkaure
  3858 | D:5      | Noticed a centaur
  3871 | D:5      | Noticed a centaur
  3878 | D:5      | Noticed Blork the orc
  4076 | D:6      | Slain by an iguana

Illustrated notes

Levels and vault maps discovered:
D:1:      saegor_arrival_under_anarchy, layout_loops_ring
D:2:      layout_basic, shapermc_ecumenical_altar_pompeii,
          chequers_serial_rivers_micro_b
D:3:      layout_rooms, serial_shops, nicolae_shop_hallway_stairs, uniq_natasha,
          uniq_sigmund
D:4:      layout_rooms, mainiacjoe_overflow_surrounded_room,
          chequers_serial_rivers_room_b
D:5:      layout_cave_pools, uniq_blork_the_orc, uniq_menkaure, uniq_pikel
D:6:      layout_loops_cross, minmay_misc_feat_encased, minmay_misc_feat_chi,
          nicolae_elevator_lobby_plus

Skill      XL: |  1  2  3  4 |
---------------+-------------+-----
Fighting       | 4 |  4.6
Armour         | 4 |  4.3
Maces & Flails | 3 |  3.6
Dodging        | |  0.4
Shields        | |  3.6

Action                   |  1- 3 |  4- 6 || total
-------------------------+-------+-------++-------
Melee: Flail             |    84 |   171 ||   255
  Use: Potion            |       |     2 ||     2
       Scroll            |       |     1 ||     1
Armor: Scale mail        |    56 |   114 ||   170
Dodge: Dodged            |    53 |   109 ||   162
Block: Buckler           |    25 |    55 ||    80

Table legend: (Time is in decaauts)
 A = Elapsed time spent in this place.
 B = Non-inter-level travel time spent in this place.
 C = Inter-level travel time spent in this place.
 D = Time resting spent in this place.
 E = Time spent auto-exploring this place.
 F = Levels seen in this place.
 G = Mean time per level.
                   A        B        C        D        E       F      G
               +--------+--------+--------+--------+--------+-----+--------+
         Total |   4155 |   4019 |    136 |    797 |   2519 |   6 |  692.5 |
       Dungeon |   4155 |   4019 |    136 |    797 |   2519 |   6 |  692.5 |
               +--------+--------+--------+--------+--------+-----+--------+

Top non-repeatable levels by time:
     D:2: 2263 daAuts
     D:1: 944 daAuts
     D:3: 694 daAuts
     D:6: 180 daAuts
     D:5: 40 daAuts
     D:4: 32 daAuts
